68-kill Tommy | Unit preservation wins games

Match 29539436
End
Kettenkrad Recon Vehicle
Construct Infanterie Kompanie
Selects Mechanized Battlegroup
Grenadier Squad
Grenadier Squad
Grenadier Squad
Infanterie Officer Quarters
Construct Panzergrenadier Kompanie
Selects Raid Package
Pak 40 Anti-tank Gun Team
Panzergrenadier Squad
Pak 40 Anti-tank Gun Team
Selects 8 Rad Armored Car
Construct Panzer Kompanie
Medical Station
Stoßtruppen Squad
Selects 8 Rad Armored Car
Selects UNKNOWN (2160084)
8 Rad Armored Car
Stoßtruppen Squad
Pioneer Squad
Panther Heavy Tank
Panzer Officer Quarters
Selects Mobile Repair Stations
Selects Mobile Repair Stations
Selects Wespe Self-propelled Artillery
Sturmpanzer IV Brummbär
Stoßtruppen Squad
Selects Mechanized Assault
Mechanized Assault
Panzer IV Medium Tank
Pioneer Squad
Sturmpanzer IV Brummbär
Mechanized Assault
Panther Heavy Tank
Stoßtruppen Squad
Folscher
Manu
Troyd
Stalin for Tiger
0
0

Comments sign in to comment!

No comments posted yet!